 Dungeon Crawl Stone Soup version 0.27.1-4-g1640c2035a (webtiles) character file.

Game seed: 18356466162785794133

100 zeram the Ducker (level 4, -1/58 HPs)
             Began as a Troll Venom Mage on Nov 12, 2021.
             Killed by nerve-wracking pain
             ... invoked by Grinder
              (5 damage)
             ... while paralysed by Grinder
             ... on level 3 of the Dungeon.
             The game lasted 00:02:54 (2295 turns).

zeram the Ducker (Troll Venom Mage)                 Turns: 2295, Time: 00:02:55

Health: -1/58      AC:  4    Str: 16    XL:     4   Next: 46%
Magic:  5/5        EV:  1    Int: 12    God:
Gold:   81         SH:  0    Dex: 10    Spells: 4/5 levels left

rFire    . . .     SeeInvis .   d - +2 short sword (protect)
rCold    . . .     Faith    .   (no shield)
rNeg     . . .     Spirit   .   a - +0 robe
rPois    .         Reflect  .   (helmet restricted)
rElec    .         Harm     .   (no cloak)
rCorr    .         Rampage  .   (gloves unavailable)
Will     .....                  (boots unavailable)
Stlth    ..........             (no amulet)
HPRegen  1.19/turn              (no ring)
MPRegen  0.09/turn              (no ring)

@: paralysed, berserking
A: large, unfitting armour, claws 3, regeneration 1, shaggy fur 1, tough skin 1
a: no special abilities


You were on level 3 of the Dungeon.
You visited 1 branch of the dungeon, and saw 3 of its levels.

You collected 81 gold pieces.

Inventory:

Hand Weapons
 b - a +0 dagger
 d - a +2 short sword of protection (weapon)
Armour
 a - a +0 robe (worn)
 h - a +0 buckler
Jewellery
 k - a ring of wizardry
Scrolls
 f - 4 scrolls of identify {unknown}
 j - a scroll of blinking {unknown}
 m - a scroll of magic mapping {unknown}
 p - a scroll of enchant weapon {unknown}
 q - a scroll of enchant armour {unknown}
 r - a scroll of teleportation {unknown}
Potions
 c - a potion of mutation {unknown}
 e - a potion of berserk rage
 g - a potion of flight {unknown}
 i - a potion of cancellation {unknown}
 l - 2 potions of magic {unknown}
 n - 2 potions of attraction {unknown}
 o - a potion of haste {unknown}


   Skills:
 + Level 3.8 Dodging
 - Level 1.0 Stealth
 - Level 1.3 Spellcasting
 - Level 0.6 Transmutations
 - Level 2.2 Poison Magic


You had 4 spell levels left.
You knew the following spells:

 Your Spells              Type           Power      Damage    Failure   Level
a - Sting                 Tmut/Pois      16%        1d3       16%         1

Your spell library contained the following spells:

 Spells                   Type           Power      Damage    Failure   Level
 Freeze                   Ice            0%         1d3       28%         1
 Poisonous Vapours        Pois/Air       6%         N/A       28%         2
 Mephitic Cloud           Conj/Pois/Air  2%         N/A       54%         3
 Frozen Ramparts          Ice            0%         1d2       65%         3
 Olgreb's Toxic Radiance  Pois           6%         N/A       75%         4
 Hailstorm                Conj/Ice       0%         3d3       96%         4


Dungeon Overview and Level Annotations

Branches:
Dungeon (3/15)

Altars:
Zin

Annotations:
D:3 Grinder


Innate Abilities, Weirdness & Mutations

You are too large for most types of armour.
You have claws for hands.
Your natural rate of healing is unusually fast.
You are covered in fur. (AC +1)
You have tough skin. (AC +1)


Message History

You suddenly lose the ability to move!
Grinder says, "Don't move a muscle."
Grinder hits you.
You writhe in agony.
Grinder hits you!
You writhe in agony.
* * * LOW HITPOINT WARNING * * *
Grinder hits you.
* * * LOW HITPOINT WARNING * * *
You writhe in agony.
* * * LOW HITPOINT WARNING * * *
You can move again.
It was a potion of berserk rage.
A red film seems to cover your vision as you go berserk!
You feel yourself moving faster!
You feel mighty! Grinder barely misses you.
You hit Grinder.
Your weapon exudes an aura of protection.
Grinder is lightly wounded.
Grinder barely misses you.
You barely miss Grinder.
Grinder is lightly wounded.
Grinder hits you.
* * * LOW HITPOINT WARNING * * *
You writhe in agony.
* * * LOW HITPOINT WARNING * * *
You barely miss Grinder.
Grinder is lightly wounded.
Grinder hits you but does no damage.
You closely miss Grinder.
Grinder is lightly wounded.
You barely miss Grinder.
Grinder is lightly wounded.
Grinder gestures at you.
You suddenly lose the ability to move!
Grinder hits you.
* * * LOW HITPOINT WARNING * * *
You writhe in agony.
* * * LOW HITPOINT WARNING * * *
Grinder blinks!
Grinder gestures at you. Pain shoots through your body!
You die...

### ..# ..# ..# ..# ..#
..# .
..###################....
................@§w......
####..######.....#.......
..⌠#..# #.....#.......
..##..# #.....#..5....
_.....# #.....###....$
..##..# #....## .....
..⌠#..# #....# ....
####..######....# ....
...........+....+


You could see Grinder and a worm.

Vanquished Creatures
  4 adders
  4 dart slugs
  2 bats (D:1)
  8 endoplasms
  4 goblins
  6 hobgoblins
  6 jackals (D:1)
  3 kobolds
  A quokka (D:3)
  5 ball pythons
  5 frilled lizards
  4 rats
52 creatures vanquished.

Notes
Turn   | Place    | Note
-------+----------+-------------------------------------------
     0 | D:1      | zeram the Troll Venom Mage began the quest for the Orb.
     0 | D:1      | Reached XP level 1. HP: 16/16 MP: 1/1
   168 | D:1      | Reached skill level 2 in Dodging
   171 | D:1      | Reached XP level 2. HP: 24/24 MP: 3/3
   480 | D:1      | Reached XP level 3. HP: 30/31 MP: 4/4
   589 | D:1      | Found a faded altar of an unknown god.
  1159 | D:2      | Reached skill level 3 in Dodging
  1512 | D:2      | Reached XP level 4. HP: 39/39 MP: 5/5
  2184 | D:3      | Found a glowing silver altar of Zin.
  2274 | D:3      | Noticed Grinder
  2274 | D:3      | Paralysed by Grinder for 5 turns
  2283 | D:3      | Paralysed by Grinder for 4 turns
  2292 | D:3      | Paralysed by Grinder for 7 turns
  2293 | D:3      | HP: 1/58 [Grinder (4)]
  2295 | D:3      | Killed from afar by Grinder

Illustrated notes

Levels and vault maps discovered:
D:1:      elethiomel_arrival_shortcut, layout_basic,
          ebering_ecumenical_altar_ruins, minivault_4
D:2:      layout_basic
D:3:      layout_basic, mainiacjoe_overflow_alcove_2, uniq_grinder

Skill      XL: |  1  2  3 |
---------------+----------+-----
Dodging        | 2 3 |  3.8
Stealth        | |  1.0
Spellcasting   | |  1.3
Transmutations | |  0.6
Poison Magic   | |  2.2

Action                   |  1- 3 |  4- 6 || total
-------------------------+-------+-------++-------
Melee: Dagger            |    77 |       ||    77
       Unarmed           |     2 |       ||     2
       Short sword       |    96 |    61 ||   157
  Use: Potion            |       |     1 ||     1
 Stab: Sleeping          |     3 |     2 ||     5
Armor: Robe              |    66 |    17 ||    83
Dodge: Dodged            |   110 |    31 ||   141
